 Dungeon Crawl Stone Soup version 0.31-a0-486-g8d68a81214 (webtiles) character file.

Game seed: 14053895855576129971

1359 javelincjr the Trooper (level 8, -6/66 HPs)
             Began as a Demonspawn Fighter on Aug 7, 2023.
             Killed by divine providence
             ... invoked by an orc priest
              (11 damage)
             ... on level 5 of the Dungeon.
             The game lasted 00:21:05 (3967 turns).

javelincjr the Trooper (Demonspawn Fighter)         Turns: 3967, Time: 00:21:05

Health: -6/66      AC: 14    Str: 20      XL:     8   Next: 37%
Magic:  8/8        EV:  9    Int:  9      God:
Gold:   222        SH:  5    Dex: 17 (18) Spells: 7/7 levels left

rFire   + . .        q - +1 dagger (drain)
rCold   + . .        c - +0 buckler
rNeg    . . .        F - +3 chain mail {rF+}
rPois   .            e - +0 helmet
rElec   .            (no cloak)
rCorr   .            (no gloves)
SInv    .            (no boots)
Will    .....        (no amulet) Stlth
                     C - ring of protection from cold
HPRegen 0.31/turn    r - +6 ring of dexterity
MPRegen 0.11/turn

%: no passive effects
@: no status effects
A: rugged brown scales 1, foul stench 1, powered by death 1, weakness stinger 2
a: no special abilities


You were on level 5 of the Dungeon.
You visited 2 branches of the dungeon, and saw 6 of its levels.

You collected 222 gold pieces.

Inventory:

Hand Weapons
 a - a +0 trident
 q - a +1 dagger of draining (weapon)
 s - a +4 scythe
Missiles
 l - a throwing net
 I - 3 boomerangs (quivered)
Armour
 b - a +0 scale mail
 c - a +0 buckler (worn)
 e - a +0 helmet (worn)
 u - +0 fire dragon scales
 F - a +3 chain mail of fire resistance (worn)
Jewellery
 p - a ring of protection from fire
 r - a +6 ring of dexterity (right hand)
 y - a ring of positive energy
 C - a ring of protection from cold (left hand)
 D - a +6 ring of dexterity
 K - a +6 ring of dexterity
 L - a +6 ring of dexterity
 M - a ring of flight
Wands
 E - a wand of flame (17)
 J - a wand of quicksilver (6)
Scrolls
 i - 2 scrolls of immolation
 k - a scroll of brand weapon
 n - 3 scrolls of vulnerability
 o - 3 scrolls of teleportation
 x - 2 scrolls of revelation {unknown}
 z - 3 scrolls of amnesia {unknown}
 A - a scroll of enchant armour {unknown}
 B - 2 scrolls of noise {unknown}
 G - a scroll of blinking {unknown}
Potions
 f - a potion of mutation {unknown}
 g - a potion of ambrosia {unknown}
 h - a potion of lignification {unknown}
 j - a potion of curing
 m - a potion of enlightenment {unknown}
 v - 2 potions of invisibility
 w - a potion of heal wounds {unknown}
 H - a potion of brilliance {unknown}


   Skills:
 * Level 6.6 Fighting
 - Level 1.2 Short Blades
 + Level 4.1 Polearms
 + Level 4.5 Armour
 + Level 3.5 Dodging
 + Level 4.5 Shields


You had 7 spell levels left.
You didn't know any spells.
Your spell library contained the following spells:

 Spells                   Type           Power      Damage    Failure   Level
 Slow                     Hex            0%         N/A       98%         1
 Sublimation of Blood     Necr           0%         N/A       99%         2
 Confusing Touch          Hex            0%         N/A       100%        3
 Vampiric Draining        Necr           0%         2d6       100%        3
 Vhi's Electric Charge    Tloc/Air       0%         N/A       100%        3
 Petrify                  Tmut/Erth      0%         N/A       100%        4
 Arcjolt                  Conj/Air       0%         1d10      100%        5
 Irradiate                Conj/Tmut      0%         3d11      100%        5
 Maxwell's Capacitive Co  Air            0%         ∞         100%        8


Dungeon Overview and Level Annotations

Branches:
Dungeon (5/15)             Temple (1/1) D:5

Altars:
Ashenzari
Cheibriados
Fedhas
Gozag
Hepliaklqana
Kikubaaqudgha
Nemelex Xobeh
Okawaru
Qazlal
Ru
Sif Muna
Uskayaw
Vehumet
Wu Jian
Yredelemnul

Shops:
D:2 [


Innate Abilities, Weirdness & Mutations

You are partially covered in rugged brown scales. (AC +1, +3% HP)
You may rarely emit foul miasma when damaged in melee.
You regenerate a little health from kills.
You have a tail ending in a sharp stinger.


Message History

The orc hits you with a +0 club.
The orc priest invokes the aid of Beogh against you.
Pain shoots through your body! The orc hits you but does no damage.
You barely miss the orc priest.
Your tail-slap misses the orc priest.
You block the iguana's attack.
The orc priest hits you but does no damage.
You block the orc's attack.
You hit the orc priest but do no damage.
You drain the orc priest.
Your tail-slap misses the orc priest.
The orc priest is lightly wounded.
The orc barely misses you. The iguana closely misses you.
You block the orc priest's attack.
You hit the orc priest.
The orc priest is moderately wounded.
The iguana bites you but does no damage.
The orc priest invokes the aid of Beogh against you.
Pain shoots through your body! The orc hits you but does no damage.
You hit the orc priest but do no damage.
The orc priest is moderately wounded.
You block the orc's attack.
The iguana bites you but does no damage.
The orc priest hits you but does no damage.
Unknown command.
You barely miss the orc priest.
The orc priest is moderately wounded.
The iguana barely misses you.
The orc priest calls down the wrath of Beogh upon you.
Beogh smites you!
* * * LOW HITPOINT WARNING * * *
The orc hits you but does no damage. The iguana attacks as you move away!
You block the iguana's attack.
The orc priest mumbles some strange prayers to Beogh against you.
Beogh smites you!
* * * LOW HITPOINT WARNING * * *
The orc attacks as you move away! The orc hits you but does no damage.
The orc priest looks encouraged for a moment.
The orc attacks as you move away! The orc closely misses you.
The orc priest mumbles some strange prayers to Beogh against you.
Beogh smites you!
You die...

.#.........#....#.....#.....
.#.).......#.......##....# ##.
.#...#######....##....##.#....
.##### ...........##.)....#
.........#....>.##...
....#+#..#.##......#
....+.......o.##.#.# ...
#...##o#.....# .. ..
#...@..#..##....#.
#...##.......##. ###. ...##.#.
.. ##....# .. ... ...... .
.... ....... ..... ......
#..... .....


You could see an orc priest (very drained) and an orc.

Vanquished Creatures
  Sigmund (D:2)
  The ghost of Demosthentine the Ducker, an amateur DsGl (D:4)
  Duvessa (D:4)
  An ogre (D:4)
  A phantom (D:4)
  Dowan (D:4)
  4 quasits (D:4)
  A jelly (D:5)
  A gnoll bouda (D:2)
  3 orc priests
  A hound (D:4)
  Ijyb (D:4)
  Natasha (thrice) (D:2)
  7 orc wizards
  Robin (D:4)
  3 gnolls (D:2)
  An adder (D:3)
  3 worms
  3 dart slugs
  10 orcs
  12 ball pythons
  12 endoplasms
  4 giant cockroaches
  18 goblins
  8 hobgoblins
  11 jackals
  4 quokkas
  7 bats
  3 frilled lizards
  9 kobolds
  5 rats
141 creatures vanquished.

Notes
Turn   | Place    | Note
-------+----------+-------------------------------------------
     0 | D:1      | javelincjr the Demonspawn Fighter began the quest for the
                  | Orb.
     0 | D:1      | Reached XP level 1. HP: 18/18 MP: 1/1
    94 | D:1      | Gained mutation: You may rarely emit foul miasma when
                  | damaged in melee. [demonic ancestry]
    94 | D:1      | Reached XP level 2. HP: 8/24 MP: 2/2
   334 | D:1      | Gained mutation: You have a small tail. [demonic ancestry]
   334 | D:1      | Reached XP level 3. HP: 29/29 MP: 3/3
   512 | D:1      | Found a faded altar of an unknown god.
   538 | D:2      | Found Qotulop's Armour Boutique.
   558 | D:2      | Noticed Natasha
   566 | D:2      | Killed Natasha
   567 | D:2      | Reached skill level 1 in Dodging
   567 | D:2      | Reached XP level 4. HP: 37/37 MP: 4/4
   596 | D:2      | Noticed Sigmund
   618 | D:2      | Killed Sigmund
   619 | D:2      | Reached skill level 4 in Fighting
   619 | D:2      | Reached skill level 1 in Short Blades
   619 | D:2      | Gained mutation: You are partially covered in rugged brown
                  | scales. (AC +1, +3% HP) [demonic ancestry]
   619 | D:2      | Reached XP level 5. HP: 22/44 MP: 5/5
   953 | D:2      | Noticed Natasha
   961 | D:2      | Killed Natasha
   979 | D:2      | Gained mutation: You regenerate a little health from kills.
                  | [demonic ancestry]
   979 | D:2      | Reached XP level 6. HP: 48/49 MP: 6/6
  1137 | D:2      | Noticed Natasha
  1143 | D:2      | Killed Natasha
  1993 | D:4      | Noticed Robin
  2026 | D:4      | Killed Robin
  2217 | D:4      | Reached skill level 5 in Fighting
  2219 | D:4      | Noticed Ijyb
  2254 | D:4      | Killed Ijyb
  2259 | D:4      | Gained mutation: You have a tail ending in a sharp stinger.
                  | [demonic ancestry]
  2259 | D:4      | Reached XP level 7. HP: 38/57 MP: 7/7
  2445 | D:4      | Noticed Duvessa
  2449 | D:4      | Noticed Dowan
  2461 | D:4      | Killed Duvessa
  2477 | D:4      | Killed Dowan
  2575 | D:4      | Found a transporter.
  2575 | D:4      | Noticed Demosthentine's ghost (amateur DsGl)
  2610 | D:4      | Found a transporter.
  2997 | D:4      | Reached skill level 6 in Fighting
  3307 | D:4      | Killed Demosthentine's ghost
  3308 | D:4      | Reached XP level 8. HP: 37/65 MP: 8/8
  3419 | D:5      | Entered Level 5 of the Dungeon
  3800 | D:5      | Found a staircase to the Ecumenical Temple.
  3808 | Temple   | Entered the Ecumenical Temple
  3962 | D:5      | HP: 3/66 [orc priest/divine providence (12)]
  3967 | D:5      | Killed from afar by an orc priest

Illustrated notes

Levels and vault maps discovered:
D:1:      spicycebolla_green_bress_n_ham, layout_rooms,
          ebering_ecumenical_altar_box, minmay_tiny_reverse_x
D:2:      layout_rooms, serial_shops, nicolae_shop_tiny_statue_garden,
          chequers_arboretum, uniq_sigmund, uniq_natasha
D:3:      layout_loops_ring
D:4:      layout_gridville, gammafunk_ghost_stat_death, uniq_duvessa, uniq_ijyb,
          uniq_robin
D:5:      layout_gridville, lightli_temple_of_fire, minmay_temple_entry_ruins
Temple:   minmay_temple_bridge_d

Skill      XL: |  1  2  3  4  5  6  7  8 |
---------------+-------------------------+-----
Polearms       | 2 3 4 |  4.1
Armour         | 3 4 |  4.5
Dodging        | 1 2 3 |  3.5
Shields        | 3 4 |  4.5
Fighting       | 4 5 6 |  6.6
Short Blades   | 1 |  1.2

Action                     |  1- 3 |  4- 6 |  7- 9 || total
---------------------------+-------+-------+-------++-------
  Melee: Trident           |    83 |       |       ||    83
         Dagger            |    22 |   256 |   194 ||   472
         Tailslap          |     3 |    37 |    33 ||    73
  Throw: Boomerang         |       |       |     4 ||     4
    Use: Potion            |       |       |     4 ||     4
         Scroll            |       |       |     6 ||     6
 Armour: Scale mail        |    38 |     5 |       ||    43
         Fire dragon scale |       |   112 |    20 ||   132
         Chain mail        |       |       |   165 ||   165
  Dodge: Dodged            |    28 |    96 |   103 ||   227
  Block: Buckler           |    24 |    68 |    51 ||   143

Table legend: (Time is in decaauts)
 A = Elapsed time spent in this place.
 B = Non-inter-level travel time spent in this place.
 C = Inter-level travel time spent in this place.
 D = Time resting spent in this place.
 E = Time spent auto-exploring this place.
 F = Levels seen in this place.
 G = Mean time per level.
                   A        B        C        D        E       F      G
               +--------+--------+--------+--------+--------+-----+--------+
         Total |   3988 |   3708 |    280 |     73 |   2540 |   6 |  664.7 |
       Dungeon |   3845 |   3697 |    148 |     73 |   2540 |   5 |  769.0 |
        Temple |    142 |     10 |    132 |      0 |      0 |   1 |  142.0 |
               +--------+--------+--------+--------+--------+-----+--------+

Top non-repeatable levels by time:
     D:4: 1405 daAuts
     D:3: 795 daAuts
     D:2: 681 daAuts
     D:1: 557 daAuts
     D:5: 404 daAuts
  Temple: 142 daAuts
